 Dungeon Crawl Stone Soup version 0.22-a0-570-g58866f5 (webtiles) character file.

753 yoda5477 the Gusty (level 7, -1/51 HPs)
             Began as a Red Draconian Air Elementalist on June 30, 2018.
             Shot with an arrow by a centaur (7 damage)
             ... on level 5 of the Dungeon.
             The game lasted 01:01:03 (6061 turns).

yoda5477 the Gusty (Red Draconian Air Elementalist) Turns: 6061, Time: 01:01:03

Health: -1/51      AC:  8    Str: 10    XL:     7   Next: 49%
Magic:  6/13       EV: 12    Int: 18    God:
Gold:   279        SH:  0    Dex: 11    Spells: 7/15 levels left

rFire    + . .     SeeInvis .   c - +0 club (curse)
rCold    + . .     Gourm    .   (no shield)
rNeg     . . .     Faith    .   (armour unavailable)
rPois    .         Spirit   .   (helmet restricted)
rElec    .         Reflect  .   (no cloak)
rCorr    .         Harm     .   r - +1 pair of gloves
MR       +....                  (no boots)
Stlth    ++........             (no amulet)
HPRegen  0.17/turn              q - ring of protection from magic
MPRegen  0.13/turn              A - ring of protection from cold

@: no status effects
A: breathe fire, unfitting armour, fire resistance 1, cold-blooded, AC +6
a: Breathe Fire


You were on level 5 of the Dungeon.
You were hungry.

You visited 1 branch of the dungeon, and saw 5 of its levels.

You collected 279 gold pieces.

Inventory:

Hand Weapons
 c - a cursed +0 club (weapon)
 d - a +0 hunting sling
 f - a +1 short sword
 k - a +0 battleaxe
 s - a +0 hand axe
 t - a +0 flail
 v - a +0 falchion
 w - a +0 club
 x - a cursed +0 falchion
Missiles
 i - 52 stones
 j - 5 poisoned needles (quivered)
 u - 4 tomahawks of dispersal
 B - 19 sling bullets
Armour
 r - a +1 pair of gloves (worn)
 z - a +0 pair of gloves
Jewellery
 n - an uncursed ring of fire
 q - a ring of protection from magic (left hand)
 A - a ring of protection from cold (right hand)
 D - an uncursed ring of protection from cold
Scrolls
 g - 5 scrolls of teleportation
 y - a scroll of enchant weapon
 C - a scroll of immolation
Potions
 a - a potion of magic
 e - 2 potions of invisibility {unknown}
 l - 2 potions of degeneration {unknown}
 m - a potion of mutation {unknown}
 o - a potion of might {unknown}
 p - a potion of curing {unknown}
Comestibles
 b - 7 rations
 h - 2 chunks of flesh


   Skills:
 + Level 0.4 Fighting
 + Level 0.5 Maces & Flails
 - Level 1.7 Dodging
 - Level 1.7 Stealth
 + Level 4.5 Spellcasting
 + Level 4.5 Conjurations
 * Level 6.0 Air Magic


You had 7 spell levels left.
You knew the following spells:

 Your Spells              Type           Power        Failure   Level  Hunger
a - Shock                 Conj/Air       ###.         1%          1    None
b - Static Discharge      Conj/Air       ###.....     4%          3    ###....
c - Airstrike             Air            ####......   12%         4    ####...

Your spell library contained the following spells:

 Spells                   Type           Power        Failure   Level  Hunger
 Lightning Bolt           Conj/Air       ###.......   41%         5    ######.
 Swiftness                Chrm/Air       ##......     6%          2    #......


Dungeon Overview and Level Annotations

Branches:
Dungeon (5/15)
 Temple: D:4-7

Altars:
Ashenzari
Dithmenos
Okawaru
Trog
Uskayaw
The Shining One

Annotations:
D:5 Sigmund


Innate Abilities, Weirdness & Mutations

You can breathe blasts of fire.
Your fiery red scales are hard. (AC +6)
You cannot fit into any form of body armour.
Your flesh is heat resistant. (rF+)
You are cold-blooded and may be slowed by cold attacks.


Message History

The centaur is almost dead.
The centaur shoots an arrow.
The arrow misses you.
The centaur shoots an arrow.
The arrow hits you!
The centaur shoots an arrow.
The arrow barely misses you.
You hear a bark!
You see here an arrow.
The centaur shoots an arrow.
The arrow hits you!
* * * LOW HITPOINT WARNING * * *
You see here an arrow.
The centaur shoots an arrow.
The arrow hits you.
* * * LOW HITPOINT WARNING * * *
You see here an arrow.
The centaur shoots an arrow.
The arrow completely misses you.
The orc priest looks satisfied for a moment.
You see here an arrow.
The centaur shoots an arrow.
The arrow hits you!
* * * LOW HITPOINT WARNING * * *
You see here an arrow.
The centaur shoots an arrow.
The arrow hits you!
You die...

#..##............####..
##.......##.....รท..##.#
#####.....##......#..#.# ##
#..##.....##......##.#.# #..
##.##......#########..(# #...
#>##......## ####..(..###....
#.##.......###....#.(.(o.o...
#..###.#.....(.####..#..#....
##.# #.##...@...(c@.###c# ..
#.# #.###..######..# ....
#.###.##...# ...........
#..##.##.#.# ###..........
##..#.##.#<.### ..#........
##....#.##...##....##......
###..#.#.........###.#....
##...........## # ##.........


You could see Sigmund and a centaur.

Vanquished Creatures
  Grinder (D:3)
  Blork the orc (D:3)
  A bullfrog (D:3)
  A scorpion (D:4)
  A crimson imp (D:5)
  2 orc priests (D:3)
  A centaur skeleton (D:4)
  An iguana (D:4)
  A worker ant (D:4)
  Robin (D:4)
  9 adders
  An ooze (D:1)
  4 worms
  A dart slug (D:1)
  4 leopard geckos
  16 orcs
  A ball python (D:3)
  A bat (D:1)
  3 giant cockroaches
  16 goblins
  9 hobgoblins
  3 jackals
  12 kobolds
  6 frilled lizards
  2 quokka skeletons (D:4)
  3 rats
102 creatures vanquished.

Notes
Turn   | Place    | Note
-------+----------+-------------------------------------------
     0 | D:1      | yoda5477 the Draconian Air Elementalist began the quest for the Orb.
     0 | D:1      | Reached XP level 1. HP: 14/14 MP: 3/3
   259 | D:1      | Reached XP level 2. HP: 20/20 MP: 0/5
   851 | D:2      | Reached XP level 3. HP: 26/26 MP: 1/6
   951 | D:2      | Found a hide-covered altar of Uskayaw.
  1105 | D:2      | Found a shadowy altar of Dithmenos.
  1663 | D:2      | Reached XP level 4. HP: 33/33 MP: 4/7
  1868 | D:3      | Found a glowing golden altar of the Shining One.
  1887 | D:3      | Reached skill level 4 in Air Magic
  1924 | D:3      | Learned a level 3 spell: Static Discharge
  1944 | D:3      | Found a bloodstained altar of Trog.
  2442 | D:3      | Reached XP level 5. HP: 38/38 MP: 2/9
  2538 | D:3      | Learned a level 4 spell: Airstrike
  2573 | D:3      | Found a shattered altar of Ashenzari.
  2633 | D:3      | Found an iron altar of Okawaru.
  3132 | D:4      | Noticed Robin
  3218 | D:4      | Reached XP level 6. HP: 39/45 MP: 3/11
  3510 | D:4      | Killed Robin
  3841 | D:4      | Noticed Grinder
  3877 | D:4      | Noticed Blork the orc
  4382 | D:3      | Killed Blork the orc
  4382 | D:3      | Reached skill level 5 in Air Magic
  4728 | D:3      | Paralysed by Grinder for 6 turns
  4745 | D:3      | Killed Grinder
  4745 | D:3      | Your scales start taking on a fiery red colour.
  4745 | D:3      | Reached XP level 7. HP: 20/50 MP: 2/13
  4745 | D:3      | Gained mutation: Your flesh is heat resistant. (rF+) [Red Draconian growth]
  5823 | D:5      | Entered Level 5 of the Dungeon
  5852 | D:5      | Reached skill level 6 in Air Magic
  6043 | D:5      | Noticed Sigmund
  6061 | D:5      | Shot with an arrow by a centaur

Vault maps used:
D:1:      onia_arrival_pentagram, serial_corexii_hall, corexii_hall_statues_i,
          corexii_hall_statues_x, minmay_domino_4
D:2:      nicolae_overflow_crystal_walls, marbit_many_paths
D:3:      okawaru_trees_2, grunt_temple_overflow_open, trog_three_pillars_becter
D:4:      first_ration, uniq_blork_the_orc, uniq_robin, uniq_grinder
D:5:      nemelex_xobeh_ov_fountains_minmay,
          minmay_temple_entry_enclosed_plants, portal_sewer_entry_e,
          serial_shops, nicolae_shop_statue_plus, lightli_corner_chamber,
          uniq_sigmund

Skill      XL: |  1  2  3  4  5  6  7 |
---------------+----------------------+-----
Conjurations   | 2 3 4 |  4.5
Air Magic      | 4 5 6 |  6.0
Spellcasting   | 3 4 |  4.5
Fighting       | |  0.4
Maces & Flails | |  0.5
Dodging        | |  1.7
Stealth        | |  1.7

Action                   |  1- 3 |  4- 6 |  7- 9 || total
-------------------------+-------+-------+-------++-------
Melee: Club              |       |     4 |       ||     4
 Cast: Shock             |    77 |   141 |    26 ||   244
       Static Discharge  |       |     8 |     2 ||    10
       Airstrike         |       |       |     3 ||     3
 Abil: Breathe Fire      |       |       |     1 ||     1
  Use: Scroll            |     5 |     4 |     1 ||    10
  Eat: Chunk             |     2 |     1 |     1 ||     4
       Ration            |     1 |     2 |     1 ||     4
Armor: Skin              |    13 |    16 |     2 ||    31
Dodge: Dodged            |    18 |    34 |     7 ||    59

Table legend:
 A = Spawn XP
 B = Non-spawn XP
 C = Spawn XP percentage of total XP
 D = Spawn monster count
 E = Non-spawn monster count
 F = Spawn count percentage of total count
 G = Total turns spent on level
                    A         B        C        D         E        F      G
               +---------+---------+-------+---------+---------+-------+---------
         Total |       0 |    1077 |   0.0 |       0 |     102 |   0.0 |  6061
               +---------+---------+-------+---------+---------+-------+---------
           D:1 |       0 |      34 |   0.0 |       0 |      14 |   0.0 |   722
           D:2 |       0 |      68 |   0.0 |       0 |      20 |   0.0 |  1432
           D:3 |       0 |     632 |   0.0 |       0 |      31 |   0.0 |  1818
           D:4 |       0 |     274 |   0.0 |       0 |      32 |   0.0 |  1851
           D:5 |       0 |      69 |   0.0 |       0 |       5 |   0.0 |   238
               +---------+---------+-------+---------+---------+-------+---------
